[Event "Early-Titled-Tuesday-Blitz-March-19-2024"]
[Site "Chess.com"]
[Date "2024.03.19"]
[Round "7"]
[White "AlexTruskavetsky"]
[Black "GMKrikor"]
[Result "0-1"]
[WhiteElo "2689"]
[BlackElo "2898"]
[TimeControl "180+1"]
[EndTime "9:19:21 PDT"]
[Termination "GMKrikor won by resignation"]

1. d4 Nf6 2. c4 g6 3. Nc3 d5 4.
cxd5 Nxd5 5. e4 Nxc3 6. bxc3 Bg7 7. Nf3 c5 8. Be2 O-O 9. O-O b6 10. Be3 Bb7 11. Qc2 Nd7 12. Rfd1 cxd4 13. cxd4 Rc8 14.
Qd3 Nf6 15. Nd2 Qd7 16. h3 Rfd8 17. Rac1 Qa4 18. f3 Nh5 19. Nf1 Rxc1 20. Rxc1 Bxd4 21. Kh1 e5 22. Rc7 Bc8 23. Qc4 Qxc4 24. Bxc4 Ng3+ 25. Nxg3 Bxe3 26. Bxf7+ Kh8 27. Bd5 a5 28. Ne2 Ba6 29.
Nc3 Rc8 30. Rxc8+ Bxc8 31. Nb5 Kg7 32. Nd6 Bd7 33. Nc4 Bd4 34. Kh2 a4 35. g3 b5 36.
Nd6 Kf6 37. f4 Ke7 38. Nb7 exf4 39. gxf4 b4 40. Na5 Kd6 41. Kg3 Bb5 42. Nc4+ Kc5 43. Nd2 Bc3 44. Nb1 Be1+ 45. Kf3 Bd3 46. Bg8 Bxb1 47.
e5 Bc3 48. Bxh7 Bxa2 49. Bxg6 Bd5+ 50. Ke3 a3 51. Bb1 b3 52. Ba2 bxa2 0-1

[Event "Early-Titled-Tuesday-Blitz-March-19-2024"]
[Site "Chess.com"]
[Date "2024.03.19"]
[Round "7"]
[White "aistrel"]
[Black "RedFirePanda"]
[Result "0-1"]
[WhiteElo "2643"]
[BlackElo "2547"]
[TimeControl "180+1"]
[EndTime "9:19:21 PDT"]
[Termination "RedFirePanda won by checkmate"]

1. d4 Nf6 2. Bf4 d5 3. e3 c6 4.
Nc3 Bf5 5. f3 e6 6. g4 Bg6 7. h4 h5 8. g5 Nfd7 9. Bd3 Bxd3 10.
Qxd3 g6 11. O-O-O Bg7 12. e4 Nb6 13. Nge2 O-O 14. Bxb8 Rxb8 15. e5 Nd7 16. Nf4 Re8 17. Nce2 c5 18. c3 c4 19. Qc2 b5 20. Kd2 b4 21.
Ke3 Qb6 22. Kd2 a5 23. Ra1 Rec8 24. Rhe1 Qb5 25. Ke3 Qb6 26. Kd2 Qb5 27. Ke3 a4 28. Kf2 a3 29. cxb4 Qxb4 30. bxa3 Qxa3 31. Reb1 Nb6 32.
Nxg6 fxg6 33. Qxg6 Qe7 34. Qxh5 c3 35. Nf4 c2 36.
Rc1 Na4 37. Qg6 Qf7 38. Qxe6 Qxe6 39. Nxe6 Nb2 40. Ke2 Rc3 41. Nc5 Rb4 42. Kd2 Rxf3 43. Rxc2 Rxd4+ 44. Ke2 Rh3 45. Rb1 Rh2+ 46. Kf3 Rxc2 47.
Ne6 Bxe5 48. Nxd4 Bxd4 49. Rd1 Rc4 50. Rd2 Na4 51. h5 Nb6 52. Re2 Kf7 53. g6+ Kg7 54.
Re7+ Kh6 55. Rh7+ Kg5 56. g7 Bxg7 57. Rxg7+ Kxh5 58. Rb7 Rb4 59. Ke3 Nc4+ 60. Kd4 Rxb7 61. Kxd5 Na3 62. Kc5 Rb2 63. Kd4 Rxa2 64. Kc3 Rg2 65.
Kb3 Nb5 66. Kb4 Nd6 67. Kc5 Nf5 68. Kb6 Kg5 69. Kc6 Re2 70. Kd5 Kf4 71. Kc5 Rd2 72.
Kc4 Ke4 73. Kc3 Rd8 74. Kc4 Rc8+ 75. Kb5 Kd5 76. Kb6 Rc1 77. Kb7 Kd6 78. Kb8 Kd7 79.
Ka7 Rb1 80. Ka6 Kc7 81. Ka5 Rb2 82. Ka4 Rb8 83. Ka3 Kc6 84. Ka2 Kc5 85. Ka1 Kc4 86. Ka2 Kc3 87. Ka3 Ra8# 0-1

[Event "Early-Titled-Tuesday-Blitz-March-19-2024"]
[Site "Chess.com"]
[Date "2024.03.19"]
[Round "7"]
[White "Shield12"]
[Black "AlexPapasimakopoulos"]
[Result "1-0"]
[WhiteElo "2950"]
[BlackElo "2756"]
[TimeControl "180+1"]
[EndTime "9:19:22 PDT"]
[Termination "Shield12 won by checkmate"]

1. b3 e5 2. Bb2 Nc6 3. e3 g6 4. Nf3 Bg7 5. d4 e4 6. Nfd2 f5 7. c4 d6 8. Nc3 Nf6 9. Be2 O-O 10.
h3 Bd7 11. a3 a5 12. g4 f4 13. g5 fxe3 14. fxe3 Nh5 15. Ndxe4 Qe8 16. Bxh5 gxh5 17. Qe2 Bf5 18. Nf6+ Bxf6 19. gxf6 Rxf6 20. Nd5 Rf7 21. Rg1+ Bg6 22. Nf4 Qe4 23. Nxg6 hxg6 24. O-O-O Re8 25. Qxh5 Qxe3+ 26. Kb1 Qe4+ 27. Ka2 Rg7 28. Qh6 a4 29. bxa4 Qc2 30. Rc1 Qd3 31. Rc3 Qe4 32. Rcg3 Kf7 33.
Rg4 Qd3 34. d5 Ne5 35. Rf4+ Kg8 36. Rh4 Kf7 37. Rg2 Reg8 38. Qg5 Ke8 39. Bxe5 dxe5 40. Qxe5+ Re7 41. Qb2 Kd8 42. Rd2 Qg3 43. Rhd4 Qxh3 44. Qxb7 Qc8 45. Qb4 Rd7 46. c5 Qa8 47. d6 c6 48.
Qb6+ Kc8 49. Rb2 Qb7 50. Rdb4 Qxb6 51. Rxb6 Rdd8 52. Rb7 Rge8 53. Rc7# 1-0

[Event "Early-Titled-Tuesday-Blitz-March-19-2024"]
[Site "Chess.com"]
[Date "2024.03.19"]
[Round "7"]
[White "Robert_Chessmood"]
[Black "Mops_2004"]
[Result "1-0"]
[WhiteElo "2966"]
[BlackElo "2737"]
[TimeControl "180+1"]
[EndTime "9:19:23 PDT"]
[Termination "Robert_Chessmood won on time"]

1. e4 c5 2. Nf3 Nc6 3. c3 Nf6 4. e5 Nd5 5. Bc4 Nb6 6. Bb3 c4 7. Bc2 d5 8. exd6 Qxd6 9. O-O Bg4 10. Re1 Ne5 11. Rxe5 Bxf3 12. Qe1 Bc6 13. b3 e6 14. Ba3 Qd7 15. Bxf8 Kxf8 16. Na3 Rd8 17. Rd1 Bd5 18. Qe3 Qc6 19. Nxc4 Nxc4 20. bxc4 Qxc4 21. Bb3 Qc6 22. Bxd5 Rxd5 23. Qxa7 Ke7 24. Rxd5 Qxd5 25. Rb1 Kf6 26. Rxb7 Rf8 27. Rb2 g5 28. h3 h5 29.
Qe3 Ra8 30. Qf3+ Qxf3 31. gxf3 Ra4 32. Kf1 h4 33. Ke2 Kf5 34. Ke3 e5 35. d3 f6 36. c4 Ra3 37. Rc2 Ke6 38. c5 Kd7 39.
c6+ Kc7 40. Ke4 Ra4+ 41. Kd5 Rd4+ 42. Ke6 Rf4 43. a4 Rxf3 44. a5 Rxd3 45. Kxf6 Rxh3 46. Ra2 Kxc6 47. a6 Rf3+ 48. Ke7 1-0

[Event "Early-Titled-Tuesday-Blitz-March-19-2024"]
[Site "Chess.com"]
[Date "2024.03.19"]
[Round "7"]
[White "DrCeltic"]
[Black "kassablanca"]
[Result "1/2-1/2"]
[WhiteElo "2584"]
[BlackElo "2765"]
[TimeControl "180+1"]
[EndTime "9:19:23 PDT"]
[Termination "Game drawn by repetition"]

1. e4 g6 2. d4 Bg7 3. Nc3 d6 4. Nf3 Nf6 5. Be3 O-O 6. Qd2 Bg4 7. Ng5 Nc6 8. f3 Bd7 9. h4 e5 10. dxe5 Nxe5 11. O-O-O a6 12. Nh3 b5 13. Nf4 h5 14.
Nfd5 Nxd5 15. Nxd5 Be6 16. Bh6 Bxd5 17. Bxg7 Kxg7 18.
Qxd5 Qf6 19. Be2 Qe6 20. f4 Qxd5 21. Rxd5 Nd7 22. Bf3 Nf6 23. Rd4 Rae8 24. a4 Re6 25. axb5 axb5 26. g3 Rfe8 27. Re1 c5 28. Rd3 Nxe4 29.
Bxe4 Rxe4 30. Rxe4 Rxe4 31. Rxd6 Re3 32. Rd5 Rxg3 33.
Rxc5 Rg4 34. f5 b4 35. fxg6 fxg6 36. c4 bxc3 37. bxc3 Rxh4 38. Rc7+ Kh6 39. c4 Rg4 40. c5 h4 41. Rc8 Kg5 42. Kd2 Rg2+ 43. Kd3 Kg4 44.
c6 Rg1 45. Kd2 Rg2+ 46. Kd3 Ra2 47. c7 Ra7 48. Rg8 Rxc7 49. Rxg6+ Kh3 50. Ke3 Rf7 51. Rg8 Kh2 52. Ke2 h3 53. Ke1 Rf3 54. Ke2 Rg3 55. Rf8 Rg2+ 56. Kf1 Rg1+ 57. Kf2 Rg2+ 58. Kf1 Rg3 59.
Rf2+ Rg2 60. Rf8 1/2-1/2

[Event "Early-Titled-Tuesday-Blitz-March-19-2024"]
[Site "Chess.com"]
[Date "2024.03.19"]
[Round "7"]
[White "sorch29"]
[Black "IraZyne"]
[Result "1-0"]
[WhiteElo "2491"]
[BlackElo "2329"]
[TimeControl "180+1"]
[EndTime "9:19:23 PDT"]
[Termination "sorch29 won by resignation"]

1. c4 c5 2. Nf3 Nf6 3. Nc3 e6 4. d4 cxd4 5. Nxd4 d6 6. g3 Be7 7. Bg2 O-O 8. O-O a6 9. b3 Qc7 10. Bb2 Nc6 11. Nxc6 bxc6 12. Qd3 Bb7 13. Rfd1 c5 14.
Bxb7 Qxb7 15. Rd2 Rfd8 16. Rad1 h6 17. e4 Nh7 18. Na4 Ng5 19. f3 Rab8 20. h4 Nh7 21.
Qe3 Qc6 22. e5 d5 23. cxd5 exd5 24. Rc2 c4 25. Bd4 Qd7 26. Nc5 Qh3 27. f4 cxb3 28. Nxb3 Nf8 29. Qf2 Ne6 30. Qg2 Qg4 31. Rcd2 a5 32.
Bf2 a4 33. Nd4 Rbc8 34. Nxe6 fxe6 35. Kh2 Rc4 36. Qh3 Qf3 37. Qxe6+ Kh7 38. Qxe7 Rdc8 39.
Qe6 Rxf4 40. gxf4 Qxf4+ 41. Bg3 Qc4 42. Qxd5 Qg4 43. Qd3+ Kh8 44. Qe2 Qf5 45. Rd8+ Rxd8 46. Rxd8+ Kh7 47. Qd3 1-0

[Event "Early-Titled-Tuesday-Blitz-March-19-2024"]
[Site "Chess.com"]
[Date "2024.03.19"]
[Round "7"]
[White "moro182"]
[Black "adotand"]
[Result "1-0"]
[WhiteElo "2861"]
[BlackElo "2995"]
[TimeControl "180+1"]
[EndTime "9:19:26 PDT"]
[Termination "moro182 won by resignation"]

1. d4 Nf6 2. Bf4 g6 3. Nc3 d5 4.
e3 Bg7 5. Nb5 Na6 6. h3 c6 7.
Nc3 Qb6 8. Rb1 O-O 9. Nf3 Nc7 10. Be2 Nce8 11. O-O Nd6 12. Be5 Bf5 13. b4 Nfe4 14. Nxe4 Nxe4 15. Rb3 f6 16. Bh2 Rad8 17. c4 a6 18. c5 Qa7 19. a4 Rfe8 20. b5 axb5 21. axb5 e5 22. Qa1 Qxa1 23. Rxa1 exd4 24. exd4 Bh6 25.
Bf1 Ra8 26. Rba3 Rxa3 27. Rxa3 Nd2 28. Nxd2 Bxd2 29. g4 Be4 30. b6 Bc1 31. Ra2 Bf3 32. g5 fxg5 33. Be5 Bf4 34. Ra3 Bd1 35. Ra7 Bxe5 36.
dxe5 Re7 37. Ba6 Rxe5 38. Bxb7 Bf3 39. Bxc6 Re1+ 40. Kh2 Be4 41. f3 Bxf3 42. b7 Rb1 43. Ra8+ Kg7 44. b8=Q Rxb8 45. Rxb8 h5 46. Rd8 Kf6 47.
Rf8+ 1-0

[Event "Early-Titled-Tuesday-Blitz-March-19-2024"]
[Site "Chess.com"]
[Date "2024.03.19"]
[Round "7"]
[White "Kirill_Klukin"]
[Black "only_strong_moves"]
[Result "0-1"]
[WhiteElo "2791"]
[BlackElo "2641"]
[TimeControl "180+1"]
[EndTime "9:19:26 PDT"]
[Termination "only_strong_moves won by resignation"]

1. f4 d5 2. Nf3 c5 3. g3 Nc6 4. Bg2 h5 5. O-O h4 6. Nxh4 Rxh4 7. gxh4 e6 8. d3 Qxh4 9. Qe1 Qh7 10. e3 Nf6 11. Nd2 Bd7 12. Nf3 O-O-O 13. Ne5 Be8 14. Qg3 Bd6 15. Bd2 Nh5 16. Qh3 Nxe5 17. fxe5 Bxe5 18.
d4 cxd4 19. exd4 Bxd4+ 20. Be3 Be5 21. Bxa7 Qg6 22. Rae1 Nf4 23. Qf3 Bc7 24. Be3 Nh5 25. c3 f6 26. Bc5 Bd7 27. c4 Rh8 28. h3 Nf4 29. Qg4 Qxg4 30. hxg4 Nd3 31. cxd5 Bh2+ 32. Kh1 Bd6+ 33. Bh3 Rxh3+ 34. Kg2 Rg3+ 35. Kh2 Re3+ 36.
Bxd6 Rxe1 37. Rf3 Re2+ 38. Kg1 Ne5 39. Rc3+ Kd8 40. Bf8 exd5 41. Bxg7 Nxg4 42. Rd3 Bc6 43. Rd4 Re4 44. Rd2 Ke7 45. Kg2 Kf7 46. Bh8 Kg8 47. Kg3 Kxh8 0-1

[Event "Early-Titled-Tuesday-Blitz-March-19-2024"]
[Site "Chess.com"]
[Date "2024.03.19"]
[Round "7"]
[White "CatLoverPL"]
[Black "TregubovP"]
[Result "0-1"]
[WhiteElo "2493"]
[BlackElo "2671"]
[TimeControl "180+1"]
[EndTime "9:19:26 PDT"]
[Termination "TregubovP won by resignation"]

1. g3 d5 2. Bg2 Nf6 3. c4 d4 4. d3 e5 5. Nf3 Nc6 6. O-O Bd6 7. e3 O-O 8. exd4 Nxd4 9. Nxd4 exd4 10. Na3 c5 11. Nc2 Bg4 12. Bf3 Qd7 13. Rb1 a5 14. a3 a4 15. b4 axb3 16. Rxb3 Qa4 17. Rb2 Bxf3 18. Qxf3 Rab8 19. Bg5 Nd7 20. Qd5 Qc6 21. Qxc6 bxc6 22. Rfb1 Rxb2 23. Rxb2 h6 24. Bd2 Ne5 25. Bf4 Ra8 26. Bxe5 Bxe5 27. Rb6 Rc8 28. Kg2 Kf8 29. f4 Bf6 30. Kf3 Ke7 31. Rb7+ Ke6 32. g4 g6 33. Ke4 Bd8 34. Rb1 f5+ 35. gxf5+ gxf5+ 36. Kf3 Bc7 37. Rg1 Kf6 38. h4 Rb8 39. h5 Rb2 40. Ne1 Ba5 41. Rg6+ Kf7 42. Ng2 Rd2 43. Rxc6 Rxd3+ 44. Kf2 Rxa3 45. Rxh6 Ra2+ 46. Kf3 Ra3+ 47. Kf2 Rc3 48.
Ra6 Bb4 49. Nh4 Rxc4 50. Nxf5 Rc2+ 51. Kf3 d3 52. h6 Rh2 53. Kg3 d2 54. Rd6 Rh5 55.
Kg4 Rh1 56. Rd7+ Ke6 57. Rd6+ Kf7 58. Ne3 c4 59. Nxc4 Bxd6 60. Nxd6+ Ke6 0-1

[Event "Early-Titled-Tuesday-Blitz-March-19-2024"]
[Site "Chess.com"]
[Date "2024.03.19"]
[Round "7"]
[White "abelmat"]
[Black "martinmena"]
[Result "1-0"]
[WhiteElo "2091"]
[BlackElo "2256"]
[TimeControl "180+1"]
[EndTime "9:19:27 PDT"]
[Termination "abelmat won on time"]

1. d4 d5 2. c4 e6 3. Nf3 Nf6 4. Nc3 Be7 5. Bf4 O-O 6. e3 a6 7. c5 b6 8. b4 a5 9. a3 axb4 10.
axb4 Rxa1 11. Qxa1 Nc6 12. Qa4 Bd7 13. Bb5 Qa8 14. Bxc6 Bxc6 15. Qxa8 Rxa8 16. O-O Ra3 17. Rc1 bxc5 18. bxc5 Ne4 19. Nxe4 dxe4 20. Ne5 Bd5 21. h3 g5 22. Bg3 f5 23. Nc4 Bxc4 24. Rxc4 Ra1+ 25. Kh2 c6 26. Rb4 Ra8 27. Rb7 Bf8 28.
Rc7 Ra6 29. Be5 g4 30. hxg4 fxg4 31. Kg3 Ra2 32. Rxc6 Kf7 33. Rc7+ Kg6 34. c6 h5 35. Rc8 Bh6 36. c7 h4+ 37. Kxg4 Rxf2 38. Rg8+ Kh7 39.
c8=Q Rxg2+ 40. Kh3 Rh2+ 41. Kg4 Rg2+ 42. Kh5 1-0

[Event "Early-Titled-Tuesday-Blitz-March-19-2024"]
[Site "Chess.com"]
[Date "2024.03.19"]
[Round "7"]
[White "GM_dmitrij"]
[Black "OparinGrigoriy"]
[Result "1-0"]
[WhiteElo "3093"]
[BlackElo "2993"]
[TimeControl "180+1"]
[EndTime "9:19:28 PDT"]
[Termination "GM_dmitrij won by checkmate"]

1. e4 c5 2. Nf3 d6 3. Bb5+ Bd7 4. Bxd7+ Nxd7 5. O-O e6 6. c3 Ngf6 7. Qe2 Be7 8. d4 O-O 9. Rd1 Qb6 10. e5 Ne8 11. exd6 Bxd6 12. Na3 cxd4 13. Nc4 Qa6 14. Nxd4 Bc5 15. a4 Bxd4 16. Rxd4 Nb6 17. Qf1 Nf6 18. Bg5 Nfd5 19. Nd6 f6 20. Bd2 e5 21. Qxa6 bxa6 22.
Rd3 Rfd8 23. Nb7 Rdb8 24. Nc5 a5 25. b3 Rd8 26. Rd1 Ne7 27. Be1 Rxd3 28. Rxd3 Rc8 29. Nb7 Nc6 30. c4 e4 31. Rd6 Ne5 32. Bxa5 Nbd7 33.
Bc3 Rb8 34. Na5 Nc5 35. Bxe5 fxe5 36. Rd5 Nxb3 37. Nc6 Rb6 38. Nxe5 g6 39. Kf1 Ra6 40.
c5 Rxa4 41. c6 Ra1+ 42. Ke2 Rc1 43. Rd7 Kf8 44. c7 Rc2+ 45. Kd1 Rc1+ 46. Ke2 Rc2+ 47. Ke3 Rc3+ 48. Kf4 Nc5 49. c8=Q# 1-0

[Event "Early-Titled-Tuesday-Blitz-March-19-2024"]
[Site "Chess.com"]
[Date "2024.03.19"]
[Round "7"]
[White "bubeliang"]
[Black "tptagain"]
[Result "1/2-1/2"]
[WhiteElo "2812"]
[BlackElo "2957"]
[TimeControl "180+1"]
[EndTime "9:19:28 PDT"]
[Termination "Game drawn by repetition"]

1. d4 d5 2. Nc3 e6 3. Bf4 Bb4 4. e3 Nf6 5. Bd3 c5 6. dxc5 Nbd7 7. Nf3 Nxc5 8. O-O O-O 9. Ne5 Nxd3 10. cxd3 h6 11. Qf3 Bd7 12. Ne2 Be7 13. g4 Nh7 14. Kh1 Rc8 15. Rac1 Be8 16. d4 Bb5 17. Rfe1 Nf6 18. g5 hxg5 19. Bxg5 Rxc1 20. Rxc1 Ne4 21. Bxe7 Qxe7 22. Nc3 Nxc3 23. bxc3 Qf6 24. Qxf6 gxf6 25.
Rg1+ Kh8 26. Ng4 Be2 27. h3 Bxg4 28. hxg4 Rc8 29. Rb1 b6 30. Rb3 Kg7 31. Kg2 Kg6 32. Kf3 Kg5 33. Kg3 f5 34. gxf5 Kxf5 35. Kf3 f6 36.
Ke2 Rc4 37. Ra3 Rc7 38. f3 e5 39. Kd3 e4+ 40. fxe4+ dxe4+ 41. Ke2 Kg4 42. Kd2 Kf3 43. c4 f5 44. Rc3 Rh7 45. c5 bxc5 46. dxc5 Rd7+ 47.
Ke1 f4 48. c6 Rc7 49. exf4+ Kxf4 50. Ke2 Ke5 51. Ke3 Kd5 52. Rc1 a5 53. Rc3 Rxc6 54. Rxc6 Kxc6 55. Kxe4 Kc5 56. Kd3 Kb4 57. Kc2 Ka3 58. Kb1 Kb4 59. Ka1 Ka3 60. Kb1 Kb4 61.
Ka1 Ka3 62. Kb1 1/2-1/2

[Event "Early-Titled-Tuesday-Blitz-March-19-2024"]
[Site "Chess.com"]
[Date "2024.03.19"]
[Round "7"]
[White "temus_galaktionov"]
[Black "AttackSparrow"]
[Result "1-0"]
[WhiteElo "2857"]
[BlackElo "2647"]
[TimeControl "180+1"]
[EndTime "9:19:29 PDT"]
[Termination "temus_galaktionov won by resignation"]

1. d4 d5 2. Nf3 Nf6 3. c4 e6 4.
Nc3 Bb4 5. cxd5 exd5 6. Bg5 h6 7. Bxf6 Qxf6 8. e3 O-O 9. Bd3 c6 10. O-O Re8 11. a3 Bf8 12. e4 dxe4 13. Nxe4 Qd8 14. h3 Nd7 15. Re1 Nb6 16. Qc2 Bf5 17. Rad1 Nd5 18.
Ne5 Nf4 19. Bc4 Be6 20. Bxe6 Rxe6 21. Qb3 Qc7 22. Qf3 Nd5 23. Re2 Rae8 24. Rde1 Nf6 25. Ng3 c5 26. Ng4 Nxg4 27. Rxe6 Rxe6 28. Rxe6 fxe6 29. Qxg4 Qf7 30. dxc5 Bxc5 31. Ne4 Bb6 32. g3 Qf5 33. Kg2 Qxg4 34. hxg4 Bd4 35. b3 b5 36. Kf3 Kf8 37. Ke2 Ke7 38. Kd3 Bb2 39. a4 bxa4 40. bxa4 Kd7 41. Kc4 Kc6 42. Nc5 Kd6 43. f4 Bc1 44.
Ne4+ Kc6 45. g5 h5 46. g6 Kd7 47. Kb5 Be3 48. a5 Kc7 49. Nf6 h4 50. gxh4 Bxf4 51. Ne8+ Kd7 52. Nxg7 Bh6 53. Nh5 e5 54. g7 Bxg7 55.
Nxg7 e4 56. Nf5 Ke6 57. Ne3 Ke5 58. Kc4 Kf4 59. Kd4 1-0

[Event "Early-Titled-Tuesday-Blitz-March-19-2024"]
[Site "Chess.com"]
[Date "2024.03.19"]
[Round "7"]
[White "djano"]
[Black "PeshkaCh"]
[Result "0-1"]
[WhiteElo "2629"]
[BlackElo "2845"]
[TimeControl "180+1"]
[EndTime "9:19:30 PDT"]
[Termination "PeshkaCh won by checkmate"]

1. e4 e5 2. Nf3 Nc6 3. d4 exd4 4.
Nxd4 Nf6 5. Nxc6 bxc6 6. e5 Nd5 7. Bd3 d6 8. exd6 Bxd6 9. O-O O-O 10. Nd2 Qh4 11. g3 Qh3 12. Ne4 h6 13. Nxd6 cxd6 14.
Qf3 Nb4 15. Bf4 Rd8 16. Rfe1 Be6 17. Qe4 Nxd3 18. Qxd3 Rab8 19. b3 Rb5 20. f3 Rh5 21.
Qd2 Bd5 22. Rf1 Re8 23. c4 Be6 24. Rae1 Rd8 25. Rf2 Rf5 26. Bxd6 c5 27. b4 Bxc4 28. bxc5 Rxc5 29. Qb4 Rcc8 30. Bf4 Bd5 31. Qa3 Re8 32. Rfe2 Red8 33. Rd2 Bc6 34. Rxd8+ Rxd8 35. Qa5 Rc8 36. Qa3 Bd5 37. Qb2 Bxf3 38. Qf2 Bd5 39. Rd1 Ba8 40. Rc1 Re8 41. Rd1 Bc6 42. Rc1 Bd5 43.
Rd1 Ba8 44. Rc1 a5 45. a3 a4 46. Rb1 Qf5 47. Re1 Rd8 48. Rf1 Qe4 49. Qe3 Qg2# 0-1

[Event "Early-Titled-Tuesday-Blitz-March-19-2024"]
[Site "Chess.com"]
[Date "2024.03.19"]
[Round "7"]
[White "EternalNight8"]
[Black "hitaman"]
[Result "0-1"]
[WhiteElo "2495"]
[BlackElo "2688"]
[TimeControl "180+1"]
[EndTime "9:19:31 PDT"]
[Termination "hitaman won by resignation"]

1. d4 d5 2. c4 e6 3. Nf3 Nf6 4. g3 Nc6 5. Bg2 Bd6 6. O-O O-O 7. Nc3 dxc4 8. e4 e5 9. d5 Na5 10. Nd2 b6 11. Qe2 Bg4 12. f3 Bc8 13. f4 c6 14. Kh1 Bg4 15. Qe1 cxd5 16. exd5 exf4 17. gxf4 Re8 18. Qg3 Qd7 19. Nde4 Nxe4 20. Nxe4 Nb7 21. h3 Rxe4 22. Bxe4 Bf5 23. Rg1 g6 24. Bxf5 Qxf5 25.
Qg2 Re8 26. Bd2 Qd3 27. Bc3 Re2 28. Qf1 Bxf4 29. Rg2 Qxh3+ 30. Kg1 Be3+ 31. Rf2 Rxf2 32. Qxh3 Rf3+ 33. Kg2 Rxh3 34. Kxh3 f5 35. Rd1 Nd6 36. Be5 Bc5 37. b3 cxb3 38. axb3 Kf7 39. Bxd6 Bxd6 40.
Re1 a5 41. Re6 Bc5 42. Rc6 Ke7 43. Rc7+ Kd6 44. Rxh7 Kxd5 45. Rg7 Kd4 46. Rxg6 f4 47. Kg4 Kc3 48. Kxf4 Kxb3 49. Ke4 a4 50. Rg3+ Kb2 51.
Rg2+ Kb1 52. Kd3 a3 53. Rh2 a2 54. Rh1+ Kb2 55. Rh2+ Kb3 56. Rh1 b5 57. Kd2 Kb2 58. Kd3 a1=Q 59. Rxa1 Kxa1 60. Kc3 Ka2 61. Kc2 b4 0-1

[Event "Early-Titled-Tuesday-Blitz-March-19-2024"]
[Site "Chess.com"]
[Date "2024.03.19"]
[Round "7"]
[White "Hikaru"]
[Black "Sam_ChessMood"]
[Result "1-0"]
[WhiteElo "3281"]
[BlackElo "2945"]
[TimeControl "180+1"]
[EndTime "9:19:32 PDT"]
[Termination "Hikaru won by resignation"]

1. Nf3 d5 2. e3 c5 3. b3 Nc6 4.
Bb5 f6 5. c4 a6 6. Bxc6+ bxc6 7.
d4 cxd4 8. exd4 e6 9. O-O Bd6 10.
Ba3 Ne7 11. Bxd6 Qxd6 12. Re1 O-O 13. Qc1 Ng6 14. Qa3 Qb8 15. Nc3 Ra7 16. Re3 Nf4 17.
g3 Nh3+ 18. Kg2 Ng5 19. Nxg5 fxg5 20. Na4 Raf7 21. Rf1 Qc7 22. Re5 Qd8 23. Qc1 Rf5 24. Qe3 Qf6 25. Nc5 h6 26. f3 a5 27. Rf2 Kh8 28. a3 Kg8 29. g4 Rxe5 30. Qxe5 Qf4 31. Nd3 Qf6 32. Nc5 Qf4 33. Qxf4 Rxf4 34. Rd2 Kf8 35.
cxd5 exd5 36. h3 h5 37. Na4 Ke7 38. Nc5 Kd6 39. b4 axb4 40. axb4 h4 41. Kf2 Be6 42. Ke3 Rf8 43. Ra2 Rb8 44. Ra4 Re8 45. Kf2 Bf7 46.
Ra7 Re7 47. Ra6 Bg6 48. b5 Rc7 49. b6 1-0

[Event "Early-Titled-Tuesday-Blitz-March-19-2024"]
[Site "Chess.com"]
[Date "2024.03.19"]
[Round "7"]
[White "ljuks68"]
[Black "Louis-Paulsen-Fan"]
[Result "1-0"]
[WhiteElo "2456"]
[BlackElo "2279"]
[TimeControl "180+1"]
[EndTime "9:19:32 PDT"]
[Termination "ljuks68 won by resignation"]

1. e4 Nf6 2. e5 Nd5 3. c4 Nb6 4. d4 d6 5. f4 dxe5 6. fxe5 c5 7. d5 e6 8. Nc3 exd5 9. cxd5 Qh4+ 10. g3 Qd4 11.
Bg2 Qxd1+ 12. Kxd1 Bg4+ 13. Nge2 Na6 14. a3 O-O-O 15.
Kc2 Bxe2 16. Nxe2 Nxd5 17. Bg5 Be7 18. Bd2 f6 19. e6 c4 20. Rad1 Nc5 21. Ba5 Nb6 22. Nf4 g5 23. Bxb6 Rxd1 24. Rxd1 gxf4 25. Bxc5 Bxc5 26. Rd7 fxg3 27. Bxb7+ Kb8 28. hxg3 Rg8 29. e7 Bxe7 30. Rxe7 Rxg3 31. Bd5 h5 32. Rh7 c3 33. bxc3 a5 34. Rxh5 Kc7 35. a4 Kd6 36. Ba8 Ke6 37.
Rxa5 f5 38. Rd5 Rg8 39. Ra5 f4 40. Kd3 Rc8 41. Ra6+ Ke5 42. Ra5+ Ke6 43. Be4 Rd8+ 44. Ke2 Rc8 45. Kd2 Rd8+ 46. Bd3 f3 47. Rf5 Rxd3+ 48. Kxd3 Kxf5 49. Ke3 Kg4 50. Kf2 1-0

[Event "Early-Titled-Tuesday-Blitz-March-19-2024"]
[Site "Chess.com"]
[Date "2024.03.19"]
[Round "7"]
[White "Binary010"]
[Black "Durarbayli"]
[Result "1-0"]
[WhiteElo "2850"]
[BlackElo "2977"]
[TimeControl "180+1"]
[EndTime "9:19:33 PDT"]
[Termination "Binary010 won on time"]

1. e4 c5 2. Nf3 d6 3. d4 cxd4 4.
Nxd4 Nf6 5. Nc3 a6 6. Rg1 e5 7. Nb3 h6 8. g4 Be6 9. Bd2 Nc6 10. Qf3 d5 11. exd5 Nxd5 12. O-O-O Qf6 13. Bg2 Qxf3 14.
Bxf3 O-O-O 15. Rge1 Ndb4 16. Be3 Be7 17. Nc5 Bxc5 18.
Bxc5 Nd4 19. Be4 Bxg4 20. Bxb4 Bxd1 21. Rxd1 f5 22. Bd5 b6 23. f4 a5 24. Ba3 b5 25.
fxe5 b4 26. Rxd4 bxa3 27. bxa3 Rhe8 28. e6 Kc7 29. Kd2 Kd6 30. Kd3 Ke5 31. Kc4 Rxe6 32. Rd3 Rg6 33. Kb5 Rb8+ 34. Kxa5 Rgb6 35. a4 Rb2 36. Nb5 Rxc2 37. Kb4 Rxh2 38. Bb3 Rh4+ 39. Kc5 Rc8+ 40. Kb6 Rb4 41. Ka5 Re4 42. Kb6 Rb4 43. Ka5 Rg4 44. Nd6 Ra8+ 45. Kb6 Rb8+ 46. Kc7 Rbb4 47.
a5 Rgd4 48. Rxd4 Rxd4 49. Nf7+ Kf6 50. Nd6 Rb4 51. a6 1-0

[Event "Early-Titled-Tuesday-Blitz-March-19-2024"]
[Site "Chess.com"]
[Date "2024.03.19"]
[Round "7"]
[White "Njal28"]
[Black "ChessQueen"]
[Result "1-0"]
[WhiteElo "3054"]
[BlackElo "2756"]
[TimeControl "180+1"]
[EndTime "9:19:33 PDT"]
[Termination "Njal28 won by resignation"]

1. d4 Nf6 2. c4 e6 3. Nc3 Bb4 4. e3 b6 5. a3 Bxc3+ 6. bxc3 Nc6 7. Ne2 Ba6 8. Ng3 Na5 9. e4 d6 10. Bd3 Qd7 11. Bg5 Bxc4 12. O-O Qb5 13. Bxc4 Nxc4 14.
e5 dxe5 15. Bxf6 gxf6 16. Qf3 O-O-O 17. Qxf6 exd4 18. cxd4 Nd6 19. Rac1 Kb8 20. Rc2 Rhg8 21. Rfc1 Rd7 22. Qh6 Qd3 23. Rc3 Qxd4 24. Qxh7 Rh8 25. Qc2 Nb5 26. Rb3 Qd5 27. Qb2 Nd4 28. Rd3 e5 29.
Rcd1 Rg8 30. a4 f6 31. a5 Qxa5 32. Ra1 Qd5 33. Rda3 Nb5 34. Rb3 Nd6 35. Qc2 Nb7 36. Rba3 a5 37. h4 e4 38. Qxe4 Qc5 39. h5 Rd4 40. Qe3 f5 41. Nxf5 Qd5 42. Ng3 Rd1+ 43.
Rxd1 Qxd1+ 44. Kh2 Rg4 45. Qe7 Qd4 46. Kh3 Rg8 47.
Rf3 a4 48. Rf8+ Rxf8 49. Qxf8+ Ka7 50. h6 Qd7+ 51. Kh2 Nc5 52. Qg7 Qd8 53. h7 Qh4+ 54. Kg1 Ne6 55. h8=Q Qc4 56. Qgg8 1-0

[Event "Early-Titled-Tuesday-Blitz-March-19-2024"]
[Site "Chess.com"]
[Date "2024.03.19"]
[Round "7"]
[White "Happy1712Drummer"]
[Black "KnightmareJoker"]
[Result "1-0"]
[WhiteElo "2460"]
[BlackElo "2297"]
[TimeControl "180+1"]
[EndTime "9:19:33 PDT"]
[Termination "Happy1712Drummer won by resignation"]

1. e4 e5 2. Nf3 Nc6 3. Nc3 Nf6 4. d4 exd4 5. Nd5 Bc5 6. Bg5 h6 7. Bxf6 gxf6 8. Qd2 Be7 9. Nxd4 d6 10. Nb5 O-O 11.
Qxh6 Be6 12. Nbxc7 Rc8 13. Nxe6 fxe6 14. Nf4 Qa5+ 15. c3 Ne5 16. Ng6 Nxg6 17. Qxg6+ Kh8 18. Bd3 Rxc3 19. bxc3 Qxc3+ 20. Ke2 Qb2+ 21. Kf3 f5 22.
exf5 Qc3 23. Rad1 Rxf5+ 24. Ke2 Qb2+ 25. Rd2 Re5+ 26. Kd1 Qa1+ 27. Bb1 Rf5 28. Qe8+ Bf8 29. Kc1 Qc3+ 30. Rc2 Qa3+ 31. Kd1 Qd3+ 32. Kc1 Qa3+ 33. Rb2 Qc3+ 34. Bc2 Rxf2 35. Qh5+ Kg7 36. Kb1 Be7 37.
Qh7+ Kf8 38. Rb3 Qxc2+ 39. Qxc2 Rxc2 40. Kxc2 Bf6 41. Rf3 Ke7 42. Rhf1 Be5 43. Rf7+ Ke8 44. Rxb7 d5 45. Rff7 Bd6 46. Rfd7 Bxh2 47. Rh7 Be5 48. Rxa7 Bb8 49. Ra8 1-0

[Event "Early-Titled-Tuesday-Blitz-March-19-2024"]
[Site "Chess.com"]
[Date "2024.03.19"]
[Round "7"]
[White "atalz0"]
[Black "awesomevishesh"]
[Result "0-1"]
[WhiteElo "2364"]
[BlackElo "2607"]
[TimeControl "180+1"]
[EndTime "9:19:35 PDT"]
[Termination "awesomevishesh won by checkmate"]

1. d4 Nf6 2. c4 g6 3. f3 Bg7 4. e4 d6 5. Nc3 O-O 6. Be3 a6 7. Qd2 Nbd7 8. Nh3 c5 9. Be2 b6 10. d5 Ne5 11. Nf2 b5 12. cxb5 axb5 13. Nxb5 Ba6 14. O-O Ne8 15. f4 Nd7 16. a4 Nc7 17. h3 Qb8 18. Nc3 Bxe2 19. Qxe2 Qb4 20. Nd3 Qc4 21. Ra3 Bxc3 22. Rxc3 Qxe4 23. Nf2 Qxa4 24.
Rd1 Nf6 25. Rcd3 Rfb8 26. f5 Qb5 27. fxg6 hxg6 28. Bg5 Ncxd5 29. Qf3 Qxb2 30. Rxd5 Nxd5 31. Rxd5 Ra7 32. Rd2 Qa1+ 33. Kh2 Qe5+ 34. Bf4 Qf5 35. Ng4 Kf8 36. Bh6+ Ke8 37. Qe3 Qe6 38. Qg3 Rb3 39.
Qf2 Ra1 40. Re2 Qf5 41. Qh4 g5 42. Bxg5 Kd7 43. Rxe7+ Kc6 44. Re2 Qf1 45. Nf2 Qg1# 0-1